Map: Traitor's Exile

Players

Throwfordays

  • Race: Protoss Protoss
  • League: Silver
  • Spawn Location: 5:00

Faust

  • Race: Zerg Zerg
  • League: Diamond
  • Spawn Location: 6:00

Mayerstrick

  • Race: Zerg Zerg
  • League: Diamond
  • Spawn Location: 9:00

Violet

  • Race: Terran Terran
  • League: Bronze
  • Spawn Location: 12:00

VOD

Have the link to the VOD?

Description

Time

  • Played on: Feb. 10, 2019, 10:34 p.m.
  • Length: 14:16
Show
View Real Time Build Order
Export as new Build Order

Throwfordays Protoss 

Build Orders: Double Forge 

Get SALT Encoding   

  12  0:00  Probe  
  13  0:13  Probe  
  14  0:18  Pylon  
  14  0:25  Probe  
  15  0:37  Probe  
  15  0:41  Gateway  
  16  0:49  Assimilator  
  16  0:54  Probe  
  17  1:06  Probe  
  18  1:18  Probe  
  19  1:28  Cybernetics Core  
  19  1:30  Probe  
  20  1:36  Warp Gate  
  20  1:45  Nexus  
  20  1:50  Pylon  
  20  2:06  Gateway  
  20  2:13  Assimilator  
  20  2:18  Pylon  
  20  2:27  Forge  
  20  2:40  Forge  
  20  2:46  Forge  
  20  2:49  Twilight Council  
  20  2:51  Probe  
  21  3:00  Probe  
  21  3:03  Probe  
  23  3:08  Probe  
  24  3:15  Probe  
  24  3:16  Probe  
  25  3:26  Adept  
  25  3:27  Adept, Probe  
  30  3:30  Pylon  
  31  3:39  Protoss Ground Weapons Level 1  
  27  3:50  Adept  
  27  3:51  Adept  
  27  3:55  Resonating Glaives  
  31  4:22  Adept x2  
  35  4:31  Protoss Ground Armor Level 1  
  33  4:44  Adept x2  
  35  4:49  Gateway  
  35  4:50  Gateway  
  35  4:55  Probe x2  
  37  5:03  Probe  
  37  5:05  Adept  
  39  5:08  Probe  
  39  5:10  Adept  
  39  5:13  Probe  
  43  5:20  Probe  
  45  5:25  Probe  
  45  5:26  Adept  
  48  5:32  Adept, Probe  
  51  5:44  Probe  
  52  5:56  Probe  
  49  6:04  Adept x4  
  39  6:06  Protoss Ground Weapons Level 2  
  39  6:08  Probe  
  46  6:20  Probe  
  41  6:26  Adept x2  
  41  6:27  Adept  
  41  6:28  Adept  
  41  6:52  Adept x3  
  41  6:53  Adept  
  46  7:00  Photon Cannon  
  40  7:13  Adept x3  
  40  7:14  Adept  
  46  7:31  Pylon  
  46  7:37  Assimilator, Pylon  
  46  7:40  Pylon  
  46  7:41  Assimilator  
  46  7:42  Pylon  
  46  7:44  Pylon  
  46  7:48  Photon Cannon, Protoss Ground Armor Level 2  
  46  7:49  Probe  
  47  7:51  Photon Cannon x2  
  47  7:54  Photon Cannon  
  47  7:58  Photon Cannon  
  47  7:59  Photon Cannon  
  47  8:01  Adept x2, Probe  
  47  8:05  Photon Cannon  
  52  8:13  Probe  
  52  8:16  Adept x2  
  47  8:25  Probe  
  46  8:29  Protoss Ground Weapons Level 3, Photon Cannon  
  46  8:30  Pylon, Photon Cannon  
  46  8:38  Adept x2  
  50  8:45  Adept x2  
  54  9:02  Adept x2  
  58  9:20  Adept x2  
  58  9:23  Adept  
  64  9:24  Adept  
  66  9:49  Adept x3  
  66  9:51  Adept  
  74  10:02  Protoss Ground Armor Level 3  
  71  10:21  Adept x2  
  71  10:22  Adept  
  71  10:23  Adept  
  42  11:00  Adept x4  
  50  11:13  Protoss Shields Level 1  
  50  11:16  Nexus  
  50  11:23  Nexus  
  50  11:25  Pylon  
  50  11:30  Pylon  
  50  11:51  Probe  
  51  12:03  Probe  
  52  12:15  Probe  
  53  12:27  Probe  
  54  12:39  Probe  
  54  12:43  Assimilator, Probe  
  55  12:45  Probe  
  55  12:47  Assimilator  
  55  12:51  Probe x2  
  57  12:53  Probe  
  60  13:01  Probe  
  60  13:03  Probe  
  58  13:13  Probe  
  58  13:15  Probe  
  33  13:27  Probe  
  28  13:39  Probe  
  16  13:51  Probe  
  16  14:04  Probe  
Show
View Real Time Build Order
Export as new Build Order

Faust Zerg 

Build Orders: Hatch First 

Get SALT Encoding   

  12  0:01  Drone  
  13  0:08  Drone  
  14  0:18  Extractor  
  14  0:19  Drone  
  15  0:25  Overlord  
  15  0:44  Drone x2  
  17  1:04  Hatchery  
  17  1:06  Drone  
  17  1:08  Drone  
  17  1:10  Drone  
  19  1:15  Extractor  
  18  1:30  Spawning Pool  
  17  1:36  Drone  
  17  1:38  Drone  
  17  1:39  Drone  
  20  1:59  Overlord  
  20  2:16  Queen  
  20  2:18  Metabolic Boost  
  20  2:19  Zergling x6  
  25  2:24  Zergling x2  
  25  2:27  Drone  
  27  2:35  Queen  
  29  2:45  Drone  
  29  2:46  Baneling Nest, Overlord  
  29  2:47  Drone  
  30  3:03  Spine Crawler  
  26  3:07  Zergling x2  
  26  3:08  Zergling x6  
  28  3:30  Baneling  
  28  3:32  Baneling x2  
  27  3:44  Baneling  
  27  3:45  Zergling x2, Baneling  
  27  3:46  Zergling x12  
  24  4:10  Drone x3  
  27  4:27  Zergling x6  
  27  4:28  Zergling x4  
  27  4:31  Drone x4  
  31  4:41  Zergling x2  
  17  4:56  Zergling x4  
  17  4:57  Zergling x2  
  18  5:01  Baneling x2  
  18  5:02  Zergling x2  
  18  5:13  Drone x2  
  20  5:27  Drone x2  
  6  5:59  Drone  
  6  6:00  Drone x3  
  5  6:59  Drone  
  5  7:00  Drone x3  
  9  7:05  Drone  
  10  7:37  Drone  
  10  7:38  Drone x3  
  14  8:04  Spawning Pool  
  11  8:26  Drone x3  
  15  8:27  Drone x2  
  16  8:39  Drone x3  
  19  8:49  Drone x2  
  21  8:56  Queen  
  23  9:07  Queen  
  25  9:14  Extractor x2  
  25  9:15  Drone  
  25  9:16  Drone  
  25  9:22  Drone  
  26  9:26  Zergling x4  
  26  9:28  Zergling x2  
  29  9:45  Baneling x2  
  29  9:48  Baneling x2  
  29  9:49  Zergling x10  
  34  9:56  Drone  
  35  10:01  Zergling x2, Baneling x2  
  36  10:17  Baneling x4  
  36  10:18  Baneling x4  
  36  10:19  Baneling x2  
  31  10:54  Drone x7  
  34  11:02  Lair  
  34  11:03  Drone  
  35  11:19  Drone  
  36  11:32  Overlord  
  36  11:33  Overlord x3  
  36  11:53  Drone x8  
  44  12:10  Drone x3  
  44  12:11  Extractor  
  44  12:14  Drone x3  
  44  12:15  Drone  
  50  12:24  Zergling x4  
  50  12:25  Zergling x2  
  50  12:27  Zergling x6  
  50  12:29  Centrifical Hooks  
  56  12:31  Burrow  
  56  12:37  Drone x2, Evolution Chamber  
  56  12:41  Evolution Chamber  
  56  12:48  Baneling x8  
  56  12:50  Baneling x3  
  56  12:51  Baneling  
  56  13:01  Spore Crawler x2  
  56  13:04  Spore Crawler  
  47  13:17  Zergling x2  
  47  13:18  Zergling x20  
  57  13:38  Baneling x3  
  57  13:39  Baneling x5  
  57  13:42  Zergling x6  
  57  13:44  Baneling x5  
  57  13:45  Baneling x3  
Show
View Real Time Build Order
Export as new Build Order

Mayerstrick Zerg 

Build Orders: Pool First, Zergling Baneling 

Get SALT Encoding   

  12  0:01  Drone  
  13  0:10  Drone  
  14  0:19  Overlord  
  14  0:34  Extractor  
  13  0:39  Spawning Pool  
  13  0:40  Drone  
  13  0:44  Drone  
  13  0:49  Drone  
  15  0:54  Drone  
  16  1:04  Drone  
  17  1:33  Hatchery  
  17  1:39  Metabolic Boost  
  16  2:03  Zergling x4  
  16  2:05  Queen  
  16  2:07  Zergling x2  
  21  2:15  Baneling Nest, Drone  
  21  2:25  Zergling x2  
  22  2:37  Overlord  
  22  2:47  Zergling x4  
  23  3:16  Zergling x10  
  23  3:17  Zergling x4  
  29  3:30  Baneling  
  29  3:31  Baneling x5  
  26  3:50  Zergling x12  
  31  4:11  Zergling x4  
  33  4:18  Baneling  
  33  4:19  Baneling x8  
  20  4:58  Zergling x16  
  28  5:04  Queen  
  28  5:13  Zergling x4  
  30  5:21  Zergling x2  
  30  5:22  Zergling x2  
  30  5:27  Baneling  
  30  5:28  Baneling x3  
  32  5:33  Zergling x8  
  36  5:39  Overlord  
  26  6:03  Zergling x12  
  30  6:09  Drone  
  31  6:15  Evolution Chamber  
  31  6:17  Zergling x2  
  25  7:00  Zergling x2  
  25  7:01  Zergling x18  
  31  7:08  Drone x2  
  31  7:11  Drone  
  34  7:18  Zerg Melee Weapons Level 1  
  33  7:25  Zergling x2  
  33  7:26  Zergling x2  
  35  7:37  Drone  
  35  7:38  Drone x2  
  35  7:43  Baneling x2  
  35  7:44  Baneling  
  27  8:26  Zergling x18  
  35  8:41  Drone x2  
  37  8:51  Drone x2  
  39  8:55  Extractor  
  39  9:02  Baneling x5  
  38  9:03  Baneling x6  
  38  9:04  Drone x2  
  40  9:10  Lair  
  40  9:27  Zergling x8  
  44  9:39  Overlord x3  
  44  9:41  Zerg Ground Armor Level 1  
  44  9:55  Overlord x2  
  44  10:01  Hatchery  
  44  10:03  Zergling x2  
  44  10:04  Zergling x6  
  42  10:22  Zergling x2  
  42  10:23  Zergling x12  
  37  11:01  Zergling x10  
  42  11:19  Zergling x2  
  42  11:20  Zergling x6, Centrifical Hooks  
  42  11:22  Zergling x8  
  50  11:25  Drone x2  
  50  11:30  Baneling x4  
  50  11:31  Baneling x12  
  52  11:42  Zergling x4  
  52  11:43  Drone x3  
  57  11:49  Drone x2  
  57  11:51  Extractor  
  52  12:09  Baneling  
  52  12:10  Baneling x12  
  52  12:12  Zergling x6  
  55  12:17  Drone x2  
  57  12:36  Zergling x4  
  57  12:37  Zergling x6  
  61  12:43  Zergling x2  
  61  12:44  Zergling x2  
  64  12:46  Baneling x4  
  64  12:47  Baneling x3  
  64  12:48  Zergling x8  
  64  12:49  Zergling x2  
  47  13:25  Zergling x2  
  47  13:26  Zergling x16  
  54  13:55  Baneling x4  
  54  13:56  Baneling x2  
  54  13:57  Baneling x2  
  54  13:58  Baneling x6  
  54  13:59  Baneling x2  
  54  14:00  Baneling  
Show
View Real Time Build Order
Export as new Build Order

Violet Terran 

Build Orders:  

Get SALT Encoding   

  12  0:01  SCV  
  13  0:13  SCV  
  14  0:20  Supply Depot  
  14  0:25  SCV  
  15  0:31  Refinery  
  15  0:41  SCV  
  16  0:50  Barracks  
  16  0:55  SCV  
  17  1:01  Refinery  
  17  1:07  SCV  
  18  1:20  SCV  
  20  1:33  Barracks  
  20  1:43  Barracks Reactor  
  20  1:45  Orbital Command  
  19  2:01  Supply Depot  
  19  2:11  SCV  
  20  2:20  Reaper x2  
  20  2:22  Barracks Reactor  
  22  2:23  SCV  
  23  2:35  SCV  
  24  2:43  Supply Depot  
  24  2:52  Reaper x2  
  26  3:04  Reaper x2  
  28  3:24  Reaper x2  
  30  3:36  Reaper x2  
  28  3:56  Reaper x2  
  30  4:08  Reaper x2  
  30  4:20  SCV  
  31  4:28  Reaper x2  
  31  4:30  Barracks  
  33  4:33  Command Center  
  33  4:40  Reaper x2  
  35  4:51  SCV  
  34  5:00  Reaper  
  34  5:01  Reaper  
  34  5:03  SCV  
  37  5:12  Reaper x2  
  39  5:25  SCV, Supply Depot x2  
  39  5:27  Supply Depot  
  40  5:33  Reaper x2  
  42  5:53  Reaper  
  42  5:54  Reaper  
  42  5:59  SCV  
  39  6:20  Reaper x2  
  37  6:25  Reaper  
  37  6:29  Reaper  
  37  6:30  SCV  
  39  6:42  SCV  
  40  6:52  Reaper  
  41  7:01  Reaper  
  41  7:02  Reaper x2  
  39  7:25  Reaper  
  39  7:30  Orbital Command  
  39  7:34  Reaper x3, SCV  
  39  7:35  Barracks Reactor  
  43  7:46  Refinery, SCV  
  43  7:50  Refinery  
  44  7:58  SCV  
  45  8:02  Reaper  
  45  8:05  Command Center  
  46  8:06  Reaper x2  
  46  8:10  SCV  
  41  8:30  Marine  
  42  8:34  Marine  
  42  8:35  Factory  
  42  8:37  Marine  
  44  8:43  SCV x2  
  46  8:53  Marine x3  
  49  8:57  Marine x3  
  49  8:58  SCV  
  49  8:59  SCV  
  54  9:11  Marine x2, SCV x2  
  54  9:15  Marine x4  
  62  9:20  Factory Tech Lab  
  62  9:23  Starport  
  62  9:24  SCV x2  
  64  9:28  Marine x2  
  66  9:31  Orbital Command  
  66  9:32  Marine  
  66  9:33  Marine x2  
  66  9:36  SCV x2  
  71  9:43  Marine  
  72  9:46  Marine x2  
  72  9:51  Barracks  
  74  9:54  SCV x2  
  74  9:55  Marine  
  78  10:01  Marine  
  78  10:05  SCV  
  78  10:06  SCV  
  80  10:10  Barracks Tech Lab  
  80  10:22  Marine x4  
  80  10:25  SCV x2  
  80  10:26  Refinery  
  80  10:27  SCV  
  85  10:29  Refinery, Medivac x2  
  89  10:37  SCV x2  
  89  10:39  SCV  
  89  10:40  Marine x2  
  63  10:58  Marine  
  63  10:59  Marine x4  
  63  11:01  Siege Tank  
  71  11:06  SCV x2  
  73  11:16  Marine x2  
  73  11:17  Marine x2, Marauder  
  79  11:19  Barracks Tech Lab  
  79  11:21  Barracks  
  79  11:23  Stimpack  
  79  11:24  Engineering Bay  
  79  11:26  Engineering Bay  
  79  11:37  Marine  
  79  11:38  Marine x5  
  85  11:48  SCV x3  
  85  11:53  Terran Infantry Armor Level 1, Terran Infantry Weapons Level 1  
  88  11:55  Marine x2  
  88  11:56  Marine x3, Marauder  
  88  12:00  SCV x3  
  98  12:10  Barracks x2  
  98  12:11  Supply Depot x2  
  98  12:12  Supply Depot x2, Barracks, SCV  
  98  12:13  Marine x2  
  101  12:15  Supply Depot  
  101  12:33  SCV  
  102  12:37  Marine  
  102  12:39  Marine x6, Command Center  
  109  12:55  Marine  
  109  12:57  Marine  
  109  12:58  Marauder  
  107  13:25  Marine  
  107  13:26  Marine x6  
  112  13:43  Marine x2  
  112  13:44  Marine x5, Medivac x2  
Tags
 
Add a new tag
Caveats
  • Supply blocks, unpowered buildings, or Contaminate may cause inaccurate times.
  • Supply counts are checked every 10 seconds.